 Dungeon Crawl Stone Soup version 0.32-a0-596-g69a5a37 (webtiles) character file.

Game seed: 14492514617413569105

21072 Dorkslayer the Impaler (level 12, -1/94 HPs)
             Began as a Merfolk Fighter on Mar 2, 2024.
             Was an Initiate of Gozag.
             Killed by divine providence
             ... invoked by an orc high priest
              (12 damage)
             ... on level 2 of the Orcish Mines.
             The game lasted 00:41:05 (12713 turns).

Dorkslayer the Impaler (Merfolk Fighter)           Turns: 12713, Time: 00:41:06

Health: -1/94      AC: 19    Str: 21    XL:     12   Next: 86%
Magic:  12/12      EV: 10    Int:  8    God:    Gozag
Gold:   3317       SH:  7    Dex: 13    Spells: 11/11 levels left

rFire   . . .        E - +2 trident (distort)
rCold   + . .        c - +1 buckler
rNeg    . . .        p - +1 plate armour
rPois   .            (no helmet)
rElec   .            B - +2 cloak {Stlth+}
rCorr   .            q - +1 pair of gloves
SInv    .            (no boots)
Will    .....        (no amulet) Stlth
                     m - ring of protection from cold
HPRegen 0.35/turn    (no ring)
MPRegen 0.13/turn

%: no passive effects
@: mighty, lethally poisoned (-1 -> -8), gold aura, studying Polearms
A: (nimble swimmer 2), mertail
a: Renounce Religion, Potion Petition, Call Merchant, Bribe Branch


You were on level 2 of the Orcish Mines.
You worshipped Gozag.
Gozag was most pleased with you.
You visited 2 branches of the dungeon, and saw 12 of its levels.
You also visited: Sewer.

You collected 3539 gold pieces.
You spent 168 gold pieces at shops.
You paid 54 gold pieces to Gozag.

Inventory:

Hand Weapons
 a - a +1 trident
 l - a +4 morningstar of freezing
 v - a +1 flail of holy wrath
 E - a +2 trident of distortion (weapon)
Missiles
 z - 4 javelins
 A - 12 boomerangs (quivered)
 D - a throwing net
Armour
 c - a +1 buckler (worn)
 k - a +0 tower shield
 p - a +1 plate armour (worn)
 q - a +1 pair of gloves (worn)
 B - a +2 cloak of stealth (worn)
Jewellery
 m - a ring of protection from cold (left hand)
Wands
 b - a wand of flame (13)
 j - a wand of charming (2)
 t - a wand of mindburst (7)
 C - a wand of warping (10)
 F - a wand of digging (5)
 J - a wand of polymorph (7)
Scrolls
 r - 3 scrolls of teleportation
 w - 2 scrolls of fog
 y - a scroll of silence
Potions
 e - 3 potions of cancellation
 f - a potion of ambrosia
 g - a potion of lignification
 h - 2 potions of enlightenment
 i - a potion of resistance
 n - 8 potions of brilliance
 o - 2 potions of berserk rage
 s - 2 potions of mutation
 K - a potion of curing


   Skills:
 + Level 8.7 Fighting
 * Level 17.7 Polearms
 + Level 3.2 Throwing
 + Level 6.9 Armour
 * Level 11.0 Dodging
 + Level 1.5 Stealth
 + Level 7.1 Shields
 * Level 7.8 Evocations


You had 11 spell levels left.
You didn't know any spells.
Your spell library contained the following spells:

 Spells                   Type           Power      Damage    Failure   Level
 Freeze                   Ice            0%         1d3       100%        1
 Magic Dart               Conj           0%         1d3       100%        1
 Lesser Beckoning         Tloc           0%         N/A       100%        2
 Searing Ray              Conj           0%         2d4       100%        2
 Call Canine Familiar     Summ           0%         N/A       100%        3
 Frozen Ramparts          Ice            0%         1d1       100%        3
 Gell's Gravitas          Tloc           0%         N/A       100%        3
 Hailstorm                Conj/Ice       0%         3d5       100%        3
 Sigil of Binding         Hex            0%         N/A       100%        3
 Stone Arrow              Conj/Erth      0%         3d7       100%        3
 Teleport Other           Tloc           0%         N/A       100%        3
 Animate Armour           Summ/Erth      0%         N/A       100%        4
 Dimensional Bullseye     Hex/Tloc       0%         N/A       100%        4
 Fulminant Prism          Conj/Alch      0%         3d5       100%        4
 Lehudib's Crystal Spear  Conj/Erth      0%         10d2      100%        8


Dungeon Overview and Level Annotations

Branches:
Dungeon (10/15)            Temple (0/1) D:5            Lair (0/5) D:9
    Orc (2/2) D:10            Elf (0/3) Orc:2         Sewer (visited)

Altars:
Ashenzari
Dithmenos
Gozag
Makhleb
Nemelex Xobeh
Xom
Yredelemnul
Zin
Beogh

Shops:
D:5 :   D:7 *   D:10 !

Portals:
Abyss: D:8

Annotations:
D:8 1 transporter, rotlqkf's ghost, novice VSFi


Innate Abilities, Weirdness & Mutations

((You are very nimble when in or above water. (Stealth+, EV+, Speed+++)))
Your lower body shifts to a powerful aquatic tail in water.


Message History

The orc warrior goes into a battle-frenzy!
You hit the orc warlord.
The orc warlord is devoured by a tear in reality.
The orc high priest is no longer distracted by gold.
Your Dodging skill increases to level 11!
You closely miss the orc high priest.
The orc high priest is moderately wounded.
The orc is no longer distracted by gold.
The orc warrior hits you but does no damage.
The orc high priest barely misses you.
You impale the orc high priest!!
Space warps around the orc high priest.
The orc high priest is severely wounded.
You closely miss the orc high priest.
The orc high priest is severely wounded.
The orc warrior is no longer distracted by gold.
You block the orc warrior's attack.
The orc high priest hits you with a +2 battleaxe of venom!
* * * LOW HITPOINT WARNING * * *
You are poisoned.
You closely miss the orc high priest.
The orc high priest is severely wounded.
You feel very sick.
The orc high priest no longer looks unusually strong.
The orc warrior hits you with a +0 mace!
* * * LOW HITPOINT WARNING * * *
The orc high priest utters an invocation to Beogh.
You barely miss the orc high priest.
The orc high priest is severely wounded.
You feel sick.
Unknown command.
You barely miss the orc high priest.
The orc high priest is severely wounded.
You feel sick.
The orc warrior no longer looks unusually strong.
The orc no longer looks unusually strong.
The orc warrior barely misses you.
The orc high priest calls down the wrath of Beogh upon you.
Beogh smites you!
You die...
Your body crumbles into a pile of gold.

.............,,,,,*,_,#o.o.......
............$,,,,,,,,,.o..o......
............ß,,,,...#......ß.....
...........##***,........#####...
...$.....#..***,,..oo....,***,...
............**,,,#...o.#,,,**....
...........#*,,,*#oo...#*,,,*#...
...........#,,,###ßO..ß#**,,,#...
...........#∩,##@#.o...#,**,∩#...
...........####oo#$....##.####...
............##.§3§...............
.....#......#3.o......$.....<....
.............#...................
..............#.#...............#
.........#.....................#.
#..#....#...........>............
...#......................[......


You could see an orc high priest, a sun demon (summoned), a neqoxec (summoned)
and 2 orc warriors.

Vanquished Creatures
  Gastronok (D:8)
  An ettin (Orc:2)
  3 orc knights
  2 orc sorcerers
  Maurice (D:7)
  An elephant (D:9)
  3 kobold blastminers
  2 trolls
  Grinder (D:5)
  2 hornets
  A slime creature (D:7)
  3 wraiths
  Sigmund (D:3)
  A vampire (D:10)
  A wyvern (D:9)
  A hog (shapeshifter) (D:7)
  22 yaks
  A steam dragon (D:7)
  3 wargs
  A basilisk (D:9)
  Menkaure (D:5)
  Edmund (D:5)
  2 water moccasins (D:7)
  Duvessa (D:5)
  15 orc warriors
  2 sky beasts (D:7)
  3 black bears
  6 ogres
  2 centaurs
  A wolf (D:6)
  5 bullfrogs
  5 gnoll sergeants
  4 kobold brigands
  A scorpion (D:5)
  8 wights
  Dowan (D:5)
  4 howler monkeys
  2 bombardier beetles
  A crimson imp (D:3)
  A jelly (D:8)
  4 gnoll boudas
  Crazy Yiuf (D:4)
  8 orc priests
  11 hounds
  5 sleepcaps
  2 iguanas (D:6)
  Ijyb (D:3)
  11 orc wizards
  A mummy (D:4)
  37 gnolls
  6 adders
  A shadow imp (D:5)
  2 ufetubi (D:6)
  2 dart slugs
  34 orcs
  8 endoplasms
  6 giant cockroaches
  6 goblins
  7 hobgoblins
  6 jackals (D:6)
  5 quokkas
  6 ball pythons
  8 bats
  3 frilled lizards
  A hobgoblin zombie (D:4)
  23 kobolds
  2 kobold zombies (D:4)
  An orc zombie (D:4)
  2 rats
328 creatures vanquished.

Vanquished Creatures (collateral kills)
  4 kobolds (Sewer)
4 creatures vanquished.

Vanquished Creatures (others)
  A kobold brigand (Sewer)
  A kobold (D:10)
2 creatures vanquished.

Grand Total: 334 creatures vanquished

Notes
Turn   | Place    | Note
-------+----------+-------------------------------------------
     0 | D:1      | Dorkslayer the Merfolk Fighter began the quest for the Orb.
     0 | D:1      | Reached XP level 1. HP: 18/18 MP: 1/1
    90 | D:1      | Reached XP level 2. HP: 21/24 MP: 2/2
   249 | D:1      | Reached skill level 1 in Dodging
   577 | D:1      | Reached XP level 3. HP: 29/30 MP: 3/3
   593 | D:1      | Reached skill level 3 in Polearms
  1801 | D:3      | Noticed Sigmund
  1802 | D:3      | Noticed Ijyb
  1824 | D:3      | Killed Sigmund
  1825 | D:3      | Reached skill level 4 in Polearms
  1825 | D:3      | Reached XP level 4. HP: 23/37 MP: 4/4
  1825 | D:3      | Reached XP level 5. HP: 27/42 MP: 5/5
  1846 | D:3      | Killed Ijyb
  1847 | D:3      | Reached XP level 6. HP: 17/48 MP: 6/6
  1869 | D:3      | Found a glowing drain.
  1878 | Sewer    | Entered a sewer
  2061 | Sewer    | Reached skill level 5 in Polearms
  2816 | D:3      | Found a broken altar of Ashenzari.
  2823 | D:3      | Found a shadowy altar of Dithmenos.
  2825 | D:3      | Found an opulent altar of Gozag.
  2832 | D:3      | Became a worshipper of Gozag Ym Sagoz the Greedy
  3052 | D:3      | Found a shimmering altar of Xom.
  3052 | D:3      | Found a burning altar of Makhleb.
  3321 | D:4      | Reached skill level 1 in Evocations
  3324 | D:4      | Reached skill level 1 in Stealth
  3627 | D:4      | Reached XP level 7. HP: 54/54 MP: 7/7
  4312 | D:4      | Found a runed translucent door.
  4313 | D:4      | Noticed Crazy Yiuf
  4321 | D:4      | Killed Crazy Yiuf
  4536 | D:5      | Entered Level 5 of the Dungeon
  4589 | D:5      | Found a staircase to the Ecumenical Temple.
  4756 | D:5      | Noticed Edmund
  4763 | D:5      | Killed Edmund
  4775 | D:5      | Reached skill level 6 in Polearms
  4869 | D:5      | Reached XP level 8. HP: 52/61 MP: 8/8
  4922 | D:5      | Noticed Dowan
  4928 | D:5      | Noticed Duvessa
  4934 | D:5      | Killed Duvessa
  4935 | D:5      | Reached skill level 5 in Dodging
  4941 | D:5      | Killed Dowan
  4979 | D:5      | Noticed Grinder
  4979 | D:5      | Noticed Menkaure
  4987 | D:5      | Killed Menkaure
  4988 | D:5      | Reached skill level 7 in Polearms
  4989 | D:5      | Paralysed by Grinder for 5 turns
  4998 | D:5      | Killed Grinder
  4999 | D:5      | Reached skill level 5 in Fighting
  5359 | D:5      | Found Veir's Tiny Tomes.
  5624 | D:6      | Reached skill level 8 in Polearms
  5652 | D:6      | Reached XP level 9. HP: 33/68 MP: 9/9
  6385 | D:6      | Reached skill level 9 in Polearms
  7267 | D:7      | Reached skill level 5 in Armour
  7267 | D:7      | Reached skill level 5 in Shields
  7269 | D:7      | Reached skill level 10 in Polearms
  7269 | D:7      | Reached XP level 10. HP: 71/76 MP: 10/10
  7274 | D:7      | Reached skill level 5 in Evocations
  7398 | D:7      | Found Medych's Wicked Wares.
  7489 | D:7      | Noticed Maurice
  7510 | D:7      | Killed Maurice
  7678 | D:7      | Found a sparkling altar of Nemelex Xobeh.
  7728 | D:7      | Reached skill level 1 in Throwing
  8014 | D:8      | Found a transporter.
  8042 | D:8      | Noticed Gastronok
  8065 | D:8      | Killed Gastronok
  8066 | D:8      | Reached skill level 11 in Polearms
  8234 | D:8      | Noticed a white ugly thing
  8284 | D:8      | Identified a scroll of acquirement
  8284 | D:8      | Acquired a manual of Polearms
  8305 | D:8      | Reached skill level 12 in Polearms
  8492 | D:7      | Reached XP level 11. HP: 59/83 MP: 11/11
  8526 | D:7      | Reached skill level 13 in Polearms
  8881 | D:8      | Found a basalt altar of Yredelemnul.
  9054 | D:8      | Found a glowing silver altar of Zin.
  9160 | D:8      | Found a one-way gate to the infinite horrors of the Abyss.
  9160 | D:8      | Noticed rotlqkf's ghost (novice VSFi)
  9522 | D:9      | Reached skill level 14 in Polearms
  9645 | D:9      | Found a staircase to the Lair.
 10107 | D:10     | Entered Level 10 of the Dungeon
 10209 | D:10     | Reached skill level 15 in Polearms
 10618 | D:10     | Found a staircase to the Orcish Mines.
 10642 | D:10     | Reached skill level 10 in Dodging
 10650 | D:10     | Reached skill level 16 in Polearms
 10745 | D:10     | Reached XP level 12. HP: 74/92 MP: 12/12
 11180 | D:10     | Found Ownoh's Distillery.
 11197 | D:10     | Bought a potion of berserk rage for 60 gold pieces
 11197 | D:10     | Bought a potion of curing for 36 gold pieces
 11197 | D:10     | Bought a potion of degeneration for 12 gold pieces
 11197 | D:10     | Bought a potion of heal wounds for 60 gold pieces
 11371 | Orc:1    | Entered Level 1 of the Orcish Mines
 11568 | Orc:2    | Entered Level 2 of the Orcish Mines
 11568 | Orc:2    | Found a staircase to the Elven Halls.
 12168 | Orc:2    | Noticed an orc high priest
 12169 | Orc:2    | Noticed an orc warlord
 12201 | Orc:2    | Noticed an ettin
 12210 | Orc:2    | Killed an ettin
 12211 | Orc:2    | Reached skill level 17 in Polearms
 12214 | Orc:2    | Found a roughly hewn altar of Beogh.
 12707 | Orc:2    | Banished an orc warlord
 12712 | Orc:2    | Noticed a sun demon
 12713 | Orc:2    | Killed from afar by an orc high priest

Illustrated notes

Levels and vault maps discovered:
D:1:      tarquinn_simple_flora_water_d, layout_loops_cross
D:2:      layout_loops_corners, serial_bayou_pond_d
D:3:      layout_basic, grunt_temple_overflow_champion_of_chaos, minitemple,
          cheibrodos_sewer_entry_drain, minivault_4, minmay_unequal, uniq_ijyb,
          uniq_sigmund
D:4:      layout_rooms, serial_co_window_serial, co_window_paths_a,
          co_window_paths_b, co_window_paths_a, co_window_of_opportunity_a,
          co_window_paths_a, co_window_paths_b, co_window_of_opportunity_a,
          co_window_broadway_c, co_window_corner_cb, co_window_2corner,
          co_window_unsneaky_path_e, co_window_paths_d, glass_columns_b,
          minmay_mini_ossuary, uniq_crazy_yiuf_cottage
D:5:      layout_rooms, minmay_temple_entry_junction,
          nicolae_shop_i_like_small_books_too, uniq_duvessa, uniq_grinder,
          uniq_menkaure, uniq_edmund
D:6:      layout_cave_pools, serial_gnoll_camp, gnoll_camp_mini_doghouse,
          gnoll_camp_mini_basic, gnoll_camp_mini_doghouse,
          gnoll_camp_mini_doghouse, gnoll_camp_huts_basic
D:7:      minmay_klotski, layout_basic, lemuel_crystal_altar, nicolae_evil_shop,
          uniq_maurice
D:8:      layout_loops_corners, amcnicky_altar_gilded,
          nicolae_overflow_hidden_temple, gammafunk_ghost_abyssal_escape,
          nicolae_zig_zag_zippers, uniq_gastronok
D:9:      layout_rooms, david_lair_generic
D:10:     layout_loops_ring, david_orc_1_choice, serial_shops, shop_statue
Orc:1:    cheibrodos_orc_guarddog, layout_diamond_mine
Orc:2:    grunt_orc_cross, layout_caves, basic_altar

Skill      XL: |  1  2  3  4  5  6  7  8  9 10 11 12 |
---------------+-------------------------------------+-----
Dodging        | 1 2 3 4 5 7 8 10 11 | 11.0
Polearms       | 4 5 6 8 10 12 16 17 | 17.7
Fighting       | 4 5 6 7 8 |  8.7
Armour         | 3 4 5 6 |  6.9
Evocations     | 1 2 3 4 5 6 7 |  7.8
Stealth        | 1 |  1.5
Shields        | 4 5 6 7 |  7.1
Throwing       | 1 2 3 |  3.2

Action                     |  1- 3 |  4- 6 |  7- 9 | 10-12 || total
---------------------------+-------+-------+-------+-------++-------
  Melee: Trident           |   167 |   122 |   368 |   618 ||  1275
         Tailslap          |       |     1 |       |       ||     1
         Spear             |       |       |    52 |       ||    52
  Throw: Javelin           |       |       |    10 |    25 ||    35
         Dart              |       |       |       |     2 ||     2
         Boomerang         |       |       |       |     1 ||     1
  Evoke: Wand              |       |     3 |    15 |    27 ||    45
    Use: Scroll            |     6 |     2 |    11 |    14 ||    33
         Potion            |     2 |     2 |     6 |     8 ||    18
   Stab: Distracted        |       |       |       |     1 ||     1
 Armour: Scale mail        |   113 |    54 |       |       ||   167
         Chain mail        |       |    14 |   174 |       ||   188
         Plate armour      |       |       |   143 |   315 ||   458
  Dodge: Dodged            |    67 |    52 |   151 |   137 ||   407
  Block: Buckler           |    32 |    25 |   132 |   106 ||   295

Table legend: (Time is in decaauts)
 A = Elapsed time spent in this place.
 B = Non-inter-level travel time spent in this place.
 C = Inter-level travel time spent in this place.
 D = Time resting spent in this place.
 E = Time spent auto-exploring this place.
 F = Levels seen in this place.
 G = Mean time per level.
                   A        B        C        D        E       F      G
               +--------+--------+--------+--------+--------+-----+--------+
         Total |  12518 |  12454 |     64 |    983 |   5953 |  13 |  962.9 |
       Dungeon |  10819 |  10755 |     64 |    593 |   5617 |  10 | 1081.9 |
  Orcish Mines |   1262 |   1262 |      0 |    301 |    210 |   2 |  631.0 |
         Sewer |    436 |    436 |      0 |     89 |    125 |   1 |  436.0 |
               +--------+--------+--------+--------+--------+-----+--------+

Top non-repeatable levels by time:
     D:6: 1349 daAuts
     D:5: 1286 daAuts
     D:4: 1276 daAuts
     D:7: 1225 daAuts
    D:10: 1211 daAuts
     D:3: 1157 daAuts
     D:8: 1050 daAuts
   Orc:1: 922 daAuts
     D:2: 883 daAuts
     D:1: 781 daAuts
     D:9: 597 daAuts
   Sewer: 436 daAuts
   Orc:2: 339 daAuts
